 Dungeon Crawl Stone Soup version 0.29-a0-322-g68df515428 (webtiles) character file.

Game seed: 3781744058061337955

47 GigaChad the Grasshopper (level 3, -5/32 HPs)
             Began as a Naga Warper on Apr 6, 2022.
             Was a Believer of Lugonu.
             Slain by a gnoll
             ... wielding a +0 spear
              (9 damage)
             ... on level 3 of the Dungeon.
             The game lasted 00:10:19 (2329 turns).

GigaChad the Grasshopper (Naga Warper)              Turns: 2329, Time: 00:10:20

Health: -5/32      AC:  5    Str: 13    XL:     3   Next: 70%
Magic:  6/6        EV:  4    Int: 13    God:    Lugonu [**....]
Gold:   139        SH:  0    Dex: 12    Spells: 6/6 levels left

rFire   . . .      SeeInvis +   a - +0 falchion
rCold   . . .      Faith    .   r - orb {guile}
rNeg    . . .      Spirit   .   q - +0 chain mail
rPois   +          Reflect  .   (no helmet)
rElec   .          Harm     .   (no cloak)
rCorr   +          Rampage  .   (no gloves)
Will    .....                   (no barding)
Stlth   ..........              (no amulet)
HPRegen 0.10/turn               t - ring of resist corrosion
MPRegen 0.10/turn               (no ring)

@: very slow
A: AC +1, large, see invisible, deformed body, poison resistance, slowness 2,
spit poison 1, naga tail 1
a: Spit Poison, Renounce Religion, Depart the Abyss, Bend Space


You were on level 3 of the Dungeon.
You worshipped Lugonu.
Lugonu was pleased with you.
You visited 1 branch of the dungeon, and saw 3 of its levels.

You collected 139 gold pieces.

Inventory:

Hand Weapons
 a - a +0 falchion (weapon)
 j - a +0 fustibalus
 u - a +0 hand axe
Missiles
 d - 7 boomerangs of dispersal (quivered)
 l - 2 javelins
Armour
 b - a +0 leather armour
 q - a +0 chain mail (worn)
 r - an orb of guile (worn)
Jewellery
 t - a ring of resist corrosion (left hand)
Scrolls
 c - 3 scrolls of blinking
 e - 8 scrolls of identify {unknown}
 g - 2 scrolls of magic mapping {unknown}
 i - a scroll of silence {unknown}
 k - a scroll of enchant armour {unknown}
 p - 2 scrolls of teleportation {unknown}
 s - a scroll of noise {unknown}
Potions
 f - 2 potions of degeneration {unknown}
 h - 4 potions of heal wounds {unknown}
 m - a potion of lignification {unknown}
 n - a potion of might {unknown}
 o - 2 potions of mutation {unknown}


   Skills:
 + Level 2.2 Fighting
 + Level 2.4 Long Blades
 + Level 0.8 Throwing
 + Level 1.2 Armour
 + Level 2.0 Dodging
 + Level 2.0 Spellcasting
 + Level 3.6 Translocations


You had 6 spell levels left.
You didn't know any spells.
Your spell library contained the following spells:

 Spells                   Type           Power      Damage    Failure   Level
 Blink                    Tloc           20%        N/A       96%         2
 Gell's Gravitas          Tloc           10%        N/A       99%         3
 Lesser Beckoning         Tloc           10%        N/A       99%         3
 Teleport Other           Tloc           10%        N/A       99%         3
 Airstrike                Air            0%         N/A       100%        4
 Summon Lightning Spire   Summ/Air       1%         N/A       100%        4
 Fireball                 Conj/Fire      0%         3d3       100%        5
 Lightning Bolt           Conj/Air       0%         1d11      100%        5
 Manifold Assault         Tloc           10%        N/A       100%        5
 Starburst                Conj/Fire      0%         6d3       100%        6
 Ignition                 Fire           0%         3d3       100%        8


Dungeon Overview and Level Annotations

Branches:
Dungeon (3/15)

Altars:
Lugonu


Innate Abilities, Weirdness & Mutations

Your serpentine skin is tough. (AC +1)
You have supernaturally acute eyesight. (SInv)
Armour fits poorly on your strangely shaped body.
Your system is resistant to poisons. (rPois)
You cover ground very slowly.
You can spit poison.
You have a snake-like lower body.


Message History

Found a hunting sling.
The quokka twitches its whiskers.
The quokka bites you.
You hit the quokka.
The quokka is heavily wounded.
The quokka closely misses you.
You closely miss the quokka.
The quokka is heavily wounded.
The quokka bites you.
You hit the quokka.
The quokka is almost dead.
The quokka completely misses you. The quokka barely misses you.
You hit the quokka but do no damage.
The quokka is almost dead.
The quokka bites you.
You hit the quokka but do no damage.
The quokka is almost dead.
The quokka bites you but does no damage.
The quokka barely misses you.
You barely miss the quokka.
The quokka is almost dead.
The quokka completely misses you.
You hit the quokka.
You kill the quokka!
Lugonu accepts your kill.
You see here a quokka corpse.
A gnoll comes into view. It is wielding a +0 spear.
The gnoll shouts!
A gnoll comes into view. It is wielding a +0 club.
A gnoll comes into view. It is wielding a +0 flail.
A gnoll comes into view. It is wielding a +0 club.
The gnoll shouts! x2
The gnoll hits you from afar with a +0 spear.
The gnoll hits you from afar with a +0 spear. x2
The gnoll hits you with a +0 club.
* * * LOW HITPOINT WARNING * * *
The gnoll attacks as you move away! The gnoll hits you with a +0 club.
* * * LOW HITPOINT WARNING * * *
The gnoll hits you from afar with a +0 spear!
You die...

########### .#
#.........## ####.#
#..)........ .....###
#....[...... .......#
#........... ..#..#.###
#...g....... ..#......
+..gg.......
....##.########†.g........
##..............@.........
..>.......................
#...########........###+##
+...'......'........+
#...########........#
....# ##..#'#+#### ....#
#.....# ###.# ####.#.#
..#.. .# #.#'#+##


You could see 4 gnolls.

Vanquished Creatures
  A worm (D:2)
  2 ball pythons (D:2)
  5 bats
  4 endoplasms (D:1)
  3 giant cockroaches
  3 goblins (D:1)
  4 hobgoblins
  6 jackals (D:1)
  2 quokkas (D:3)
  3 frilled lizards
  A kobold (D:1)
  4 rats
38 creatures vanquished.

Notes
Turn   | Place    | Note
-------+----------+-------------------------------------------
     0 | D:1      | GigaChad the Naga Warper began the quest for the Orb.
     0 | D:1      | Reached XP level 1. HP: 19/19 MP: 3/3
   312 | D:1      | Reached XP level 2. HP: 26/26 MP: 5/5
   892 | D:1      | Reached skill level 1 in Armour
   896 | D:1      | Reached XP level 3. HP: 24/32 MP: 6/6
  1962 | D:3      | Found a faded altar of an unknown god.
  1970 | D:3      | Prayed at the altar of an unknown god.
  1970 | D:3      | Became a worshipper of Lugonu the Unformed
  1970 | D:3      | Reached * piety under Lugonu
  1970 | D:3      | Reached ** piety under Lugonu
  2329 | D:3      | Slain by a gnoll

Illustrated notes

Levels and vault maps discovered:
D:1:      shiori_shiawase, layout_basic
D:2:      layout_loops_ring
D:3:      layout_basic, chequers_ecumenical_altar_lobes,
          kennysheep_jessica_study, uniq_natasha

Skill      XL: |  1  2  3 |
---------------+----------+-----
Armour         | 1 |  1.2
Dodging        | 2 |  2.0
Fighting       | |  2.2
Long Blades    | |  2.4
Throwing       | |  0.8
Spellcasting   | |  2.0
Translocations | |  3.6

Action                   || total
-------------------------++-------
Melee: Falchion          ||   149
       Punch             ||     2
Armor: Leather armour    ||    35
       Chain mail        ||    79
Dodge: Dodged            ||   106

Table legend: (Time is in decaauts)
 A = Elapsed time spent in this place.
 B = Non-inter-level travel time spent in this place.
 C = Inter-level travel time spent in this place.
 D = Time resting spent in this place.
 E = Time spent auto-exploring this place.
 F = Levels seen in this place.
 G = Mean time per level.
                   A        B        C        D        E       F      G
               +--------+--------+--------+--------+--------+-----+--------+
         Total |   3096 |   3042 |     54 |      0 |    887 |   3 | 1032.0 |
       Dungeon |   3096 |   3042 |     54 |      0 |    887 |   3 | 1032.0 |
               +--------+--------+--------+--------+--------+-----+--------+

Top non-repeatable levels by time:
     D:1: 1492 daAuts
     D:2: 1080 daAuts
     D:3: 523 daAuts
